 Dungeon Crawl Stone Soup version 0.28-a0-909-g796cbd3a86 (webtiles) character file.

Game seed: 14803414600048037846

102 ragingrage the Chopper (level 4, -2/35 HPs)
             Began as a Palentonga Warper on Nov 24, 2021.
             Collided with a rock wall (14 damage)
             ... caused by a wretched star
             ... on level 1 of the Abyss.
             The game lasted 00:02:33 (2452 turns).

ragingrage the Chopper (Palentonga Warper)          Turns: 2452, Time: 00:02:34

Health: -2/35      AC:  7    Str: 15    XL:     4   Next: 50%
Magic:  7/7        EV:  9    Int: 10    God:
Gold:   135        SH:  0    Dex: 15    Spells: 5/7 levels left

rFire   . . .      SeeInvis +   i - +0 war axe
rCold   . . .      Faith    .   (no shield)
rNeg    . . .      Spirit   .   b - +0 leather armour
rPois   .          Reflect  .   (no helmet)
rElec   .          Harm     .   l - +0 cloak
rCorr   .          Rampage  .   j - +1 pair of gloves
Will    .....                   (no barding)
Stlth   +.........              (no amulet)
HPRegen 0.11/turn               e - +6 ring of dexterity
MPRegen 0.10/turn               (no ring)

@: no status effects
A: large, rugged brown scales 3, see invisible, deformed body, roll 1, armoured
tail, [dopey 2]
a: Rolling Charge


You were on level 1 of the Abyss.
You visited 1 branch of the dungeon, and saw 3 of its levels.
You visited the Abyss 1 time.

You collected 135 gold pieces.

Inventory:

Hand Weapons
 i - a +0 war axe (weapon)
 n - a +1 trident of flaming
Missiles
 d - 4 boomerangs of dispersal (quivered)
 o - 4 boomerangs
Armour
 b - a +0 leather armour (worn)
 j - a +1 pair of gloves (worn)
 l - a +0 cloak (worn)
Jewellery
 a - a ring of ice
 e - a +6 ring of dexterity (left hand)
Scrolls
 c - a scroll of blinking
 g - 2 scrolls of immolation {unknown}
 h - 3 scrolls of identify {unknown}
 p - a scroll of enchant armour {unknown}
Potions
 k - a potion of flight {unknown}
 m - 3 potions of curing {unknown}


   Skills:
 - Level 2.0 Fighting
 * Level 4.8 Axes
 - Level 0.6 Throwing
 - Level 0.7 Armour
 - Level 1.5 Dodging
 - Level 2.0 Spellcasting
 - Level 3.0 Translocations


You had 5 spell levels left.
You knew the following spells:

 Your Spells              Type           Power      Damage    Failure   Level
a - Blink                 Tloc           14%        N/A       17%         2

Your spell library contained the following spells:

 Spells                   Type           Power      Damage    Failure   Level
 Gell's Gravitas          Tloc           7%         N/A       32%         3
 Lesser Beckoning         Tloc           7%         N/A       32%         3
 Teleport Other           Tloc           7%         N/A       32%         3
 Sublimation of Blood     Necr           1%         N/A       50%         2
 Wereblood                Tmut           1%         N/A       50%         2
 Manifold Assault         Tloc           7%         N/A       97%         5
 Summon Hydra             Summ           0%         N/A       100%        7


Dungeon Overview and Level Annotations

Branches:
Dungeon (3/15)

Altars:


Innate Abilities, Weirdness & Mutations

You are completely covered in rugged brown scales. (AC +3, +7% HP)
You have supernaturally acute eyesight. (SInv)
Armour fits poorly on your strangely shaped body.
You can roll at nearby foes to attack.
You have a long armoured tail.
[You are very dopey. (Int -4)]


Message History

No target in view!
No target in view!
No target in view!
No target in view!
No target in view!
No target in view!
No target in view!
No target in view!
o - 4 boomerangs
p - a scroll labelled GISATU BANU You see here a +0 leather armour.
Things that are here:
a +0 whip; 2 stones You now have 135 gold pieces (gained 9).
An orc comes into view.
It is wielding a +2 hand axe of distortion.
The orc shouts!
Throw: 5 boomerangs (disperse)
Press: ? - help, Q - select action, (/) - cycle Shift-Dir - straight line, f - orc
Aim: an orc, wielding a +2 hand axe of distortion and wearing a +0 chain mail (67% to hit)
You throw a boomerang of dispersal.
The boomerang of dispersal barely misses the orc.
The orc hits you with a +2 hand axe of distortion.
You are cast into the Abyss!
This branch contains the abyssal rune of Zot.
Found a scroll labelled QIUQ RUDITHA and 34 gold pieces.
Unknown command.
Found 27 stones.
The wretched star pulses with an eldritch light!
You feel stupid. x2
You see here a scroll labelled QIUQ RUDITHA.
You see here 27 stones.
As you read the scroll labelled BOURHO UTOFIF, it crumbles to dust.
The scroll dissolves into smoke.
It was a scroll of fog.
Okay, then.
The wretched star glows turbulently.
The lance of force hits you!!
Ouch! That really hurt!
You are knocked back by the lance of force.
You slam into the rock wall!
You die...

### ..# .
######.# ..
##..@.#.### .##
#.....#.§§##...
###....§§§§.##
#...§§§§§..## ..
#.##.*§#§§#..#...
#. #.#§§§§......#
.# .#§§§ . ...#
.#
#..#$?#.##....#
## #.............


You could see a wretched star.

Vanquished Creatures
  An iguana (D:3)
  An adder (D:2)
  2 worms (D:3)
  A dart slug (D:1)
  5 ball pythons
  6 endoplasms
  2 giant cockroaches (D:1)
  9 goblins
  4 hobgoblins
  4 jackals (D:2)
  5 quokkas
  3 bats
  5 kobolds
  5 rats
53 creatures vanquished.

Notes
Turn   | Place    | Note
-------+----------+-------------------------------------------
     0 | D:1      | ragingrage the Palentonga Warper began the quest for the
                  | Orb.
     0 | D:1      | Reached XP level 1. HP: 17/17 MP: 3/3
   298 | D:1      | Reached XP level 2. HP: 10/23 MP: 5/5
   506 | D:1      | Reached skill level 3 in Axes
   933 | D:1      | Reached XP level 3. HP: 14/28 MP: 6/6
  1626 | D:2      | Reached skill level 4 in Axes
  1803 | D:2      | Learned a level 2 spell: Blink
  2001 | D:3      | Reached XP level 4. HP: 35/35 MP: 7/7
  2441 | D:3      | Cast into level 1 of the Abyss (orc)
  2442 | Abyss:1  | Noticed a wretched star
  2452 | Abyss:1  | Collided with a rock wall

Illustrated notes

Levels and vault maps discovered:
D:1:      noname_arrival_rooms_in_the_neighbourhood, layout_loops_ring,
          minmay_pentomino_p4
D:2:      layout_basic, st_stairs_12, kennysheep_generic_room_14
D:3:      layout_loops_cross, nicolae_elevator_lobby_plus
Abyss:1:  base:
D:3

Skill      XL: |  1  2  3 |
---------------+----------+-----
Axes           | 3 4 |  4.8
Fighting       | |  2.0
Throwing       | |  0.6
Armour         | |  0.7
Dodging        | |  1.5
Spellcasting   | |  2.0
Translocations | |  3.0

Action                   |  1- 3 |  4- 6 || total
-------------------------+-------+-------++-------
Melee: Hand axe          |    74 |       ||    74
       Tailslap          |    16 |     1 ||    17
       War axe           |    25 |    25 ||    50
Throw: Boomerang         |       |     1 ||     1
 Abil: Rolling Charge    |     7 |       ||     7
  Use: Scroll            |       |     1 ||     1
 Stab: Sleeping          |     1 |       ||     1
Armor: Leather armour    |    39 |    10 ||    49
Dodge: Dodged            |    27 |     3 ||    30

Table legend: (Time is in decaauts)
 A = Elapsed time spent in this place.
 B = Non-inter-level travel time spent in this place.
 C = Inter-level travel time spent in this place.
 D = Time resting spent in this place.
 E = Time spent auto-exploring this place.
 F = Levels seen in this place.
 G = Mean time per level.
                   A        B        C        D        E       F      G
               +--------+--------+--------+--------+--------+-----+--------+
         Total |   2475 |   2437 |     38 |    484 |   1577 |   4 |  618.8 |
       Dungeon |   2464 |   2426 |     38 |    484 |   1577 |   3 |  821.3 |
         Abyss |     10 |     10 |      0 |      0 |      0 |   1 |   10.0 |
               +--------+--------+--------+--------+--------+-----+--------+

Top non-repeatable levels by time:
     D:1: 1296 daAuts
     D:2: 609 daAuts
     D:3: 558 daAuts
 Abyss:1: 10 daAuts
